 Dungeon Crawl Stone Soup version 0.28-a0-425-gd0eccab798 (webtiles) character file.

Game seed: 11278378441557706826

247 siradein the Firebug (level 5, -3/35 HPs)
             Began as a Demonspawn Fire Elementalist on Sept 10, 2021.
             Killed by divine providence
             ... invoked by an orc priest
              (11 damage)
             ... on level 3 of the Dungeon.
             The game lasted 00:13:21 (3559 turns).

siradein the Firebug (Demonspawn Fire Elementalist) Turns: 3559, Time: 00:13:22

Health: -3/35      AC:  4    Str:  8    XL:     5   Next: 85%
Magic:  10/10      EV: 12    Int: 18    God:
Gold:   107        SH:  0    Dex: 13    Spells: 5/11 levels left

rFire   . . .      SeeInvis .   p - +0 short sword (vamp)
rCold   . . .      Faith    .   (no shield)
rNeg    . . .      Spirit   .   a - +0 robe
rPois   .          Reflect  .   (no helmet)
rElec   .          Harm     .   (no cloak)
rCorr   .          Rampage  .   (no gloves)
Will    .....                   (no boots)
Stlth   ++........              (no amulet)
HPRegen 0.11/turn               (no ring)
MPRegen 0.12/turn               (no ring)

@: no status effects
A: icy blue scales 1, foul stench 2, demonic magic 1
a: no special abilities


You were on level 3 of the Dungeon.
You visited 1 branch of the dungeon, and saw 4 of its levels.

You collected 107 gold pieces.

Inventory:

Hand Weapons
 p - a +0 vampiric short sword (weapon)
Armour
 a - a +0 robe (worn)
Magical Staves
 j - a staff of air
Jewellery
 l - a ring of ice
Scrolls
 e - a scroll of identify {unknown}
 f - a scroll of holy word {unknown}
 k - 2 scrolls of magic mapping {unknown}
 m - a scroll of amnesia {unknown}
 n - a scroll of brand weapon {unknown}
 o - 2 scrolls of teleportation {unknown}
Potions
 b - a potion of mutation {unknown}
 c - a potion of lignification {unknown}
 d - 2 potions of berserk rage {unknown}
 g - 2 potions of cancellation {unknown}
 h - a potion of curing {unknown}
 i - 2 potions of might {unknown}
 q - a potion of heal wounds {unknown}


   Skills:
 - Level 1.7 Dodging
 - Level 1.7 Stealth
 + Level 3.6 Spellcasting
 + Level 3.4 Conjurations
 + Level 4.1 Fire Magic


You had 5 spell levels left.
You knew the following spells:

 Your Spells              Type           Power      Damage    Failure   Level
a - Foxfire               Conj/Fire      64%        2x1d7     3%          1
b - Scorch                Fire           36%        2d6       4%          2
c - Conjure Flame         Conj/Fire      16%        6-21      10%         3

Your spell library contained the following spells:

 Spells                   Type           Power      Damage    Failure   Level
 Inner Flame              Hex/Fire       10%        N/A       21%         3
 Flame Wave               Conj/Fire      16%        3d5       32%         4


Dungeon Overview and Level Annotations

Branches:
Dungeon (4/15)
 Temple: D:4-7

Altars:


Innate Abilities, Weirdness & Mutations

You are partially covered in icy blue scales. (AC +2)
You sometimes emit foul miasma when damaged in melee.
Spells you cast may paralyse adjacent enemies.


Message History

Beogh smites you!
The adder skeleton bites you but does no damage.
The orc hits you but does no damage.
There is a stone staircase leading up, spattered with blood here.
The adder skeleton closely misses you. The orc closely misses you.
You climb upwards.
There is a stone staircase leading down here.
Casting: Foxfire (safe; 3% risk of failure)
Press: ? - help, Q - select action, (/) - cycle Dir - look around, f - activate You conjure some foxfire!
Malevolent energies surge around you. The orc barely misses you.
You hit the orc.
You feel better.
The orc is moderately wounded.
The foxfire hits the orc.
You kill the orc!
You start resting.
Your foxfire dissipates!
You start resting.
Magic restored.
You start resting.
HP restored.
You climb downwards.
The hound closely misses you.
The orc priest invokes the aid of Beogh against you.
Pain shoots through your body! The adder skeleton barely misses you.
The hound bites you.
You emit a cloud of foul miasma!
The orc priest mumbles some strange prayers to Beogh against you.
Beogh smites you!
The adder skeleton bites you but does no damage.
There is a stone staircase leading up, spattered with blood here.
The hound is engulfed in dark miasma.
The hound is poisoned.
The hound bites you.
* * * LOW HITPOINT WARNING * * *
The hound is engulfed in dark miasma.
The hound looks even sicker.
The hound misses you. The adder skeleton misses you.
The orc priest hits you but does no damage.
You climb upwards.
There is a stone staircase leading down here.
The orc priest calls down the wrath of Beogh upon you.
Beogh smites you!
You die...

......#..........#
......#..........#
......#..........#
......#..........#
................##
................#
................#
................###
..............)h@.#
..............[>#.#
###...........o÷#.#
#...#...........#
###...#........####
...(...........+.#
.............^.#.###
...........)#......#
...........'#..#...#


You could see a hound (very poisoned) and an orc priest.

Vanquished Creatures
  An orc priest (D:3)
  Jessica (D:2)
  Natasha (thrice) (D:3)
  3 adders (D:3)
  A worm (D:3)
  A dart slug (D:1)
  10 orcs
  5 ball pythons
  6 endoplasms
  A giant cockroach (D:3)
  3 goblins
  7 hobgoblins
  9 jackals
  3 quokkas (D:2)
  7 bats
  4 frilled lizards
  6 kobolds
  5 rats
76 creatures vanquished.

Vanquished Creatures (others)
  170 foxfires
170 creatures vanquished.

Grand Total: 246 creatures vanquished

Notes
Turn   | Place    | Note
-------+----------+-------------------------------------------
     0 | D:1      | siradein the Demonspawn Fire Elementalist began the quest
                  | for the Orb.
     0 | D:1      | Reached XP level 1. HP: 13/13 MP: 3/3
   430 | D:1      | Found a faded altar of an unknown god.
   433 | D:1      | Gained mutation: You are partially covered in icy blue
                  | scales. (AC +2) [demonic ancestry]
   433 | D:1      | Reached XP level 2. HP: 19/19 MP: 3/5
   559 | D:1      | Learned a level 2 spell: Scorch
   664 | D:1      | Reached skill level 3 in Fire Magic
  1223 | D:1      | Gained mutation: Spells you cast may paralyse adjacent
                  | enemies. [demonic ancestry]
  1223 | D:1      | Reached XP level 3. HP: 24/24 MP: 1/6
  1582 | D:2      | Noticed Jessica
  1587 | D:2      | Killed Jessica
  1734 | D:2      | Gained mutation: You may rarely emit foul miasma when
                  | damaged in melee. [demonic ancestry]
  1734 | D:2      | Reached XP level 4. HP: 29/30 MP: 3/8
  1738 | D:2      | Learned a level 3 spell: Conjure Flame
  2525 | D:3      | Noticed Natasha
  2534 | D:3      | Killed Natasha
  2701 | D:3      | Gained mutation: You sometimes emit foul miasma when
                  | damaged in melee. [demonic ancestry]
  2701 | D:3      | Reached XP level 5. HP: 29/35 MP: 7/9
  2957 | D:3      | Noticed Natasha
  2963 | D:3      | Killed Natasha
  3007 | D:3      | Noticed Natasha
  3015 | D:3      | Killed Natasha
  3255 | D:3      | Reached skill level 4 in Fire Magic
  3559 | D:3      | Killed from afar by an orc priest

Illustrated notes

Levels and vault maps discovered:
D:1:      amcnicky_arrival_abandoned_market, layout_loops_ring,
          ebering_ecumenical_altar_webs
D:2:      layout_rooms, minmay_bisected, uniq_jessica
D:3:      layout_basic, amcnicky_mini_rare_corridor_liquid, uniq_natasha
D:4:      layout_cave_pools, kennysheep_little_box, serial_shops,
          nicolae_stop_n_shop_2

Skill      XL: |  1  2  3  4  5 |
---------------+----------------+-----
Fire Magic     | 3 4 |  4.1
Conjurations   | 2 3 |  3.4
Spellcasting   | 3 |  3.6
Dodging        | |  1.7
Stealth        | |  1.7

Action                   |  1- 3 |  4- 6 || total
-------------------------+-------+-------++-------
Melee: Unarmed           |    14 |       ||    14
       Dagger            |       |    14 ||    14
       Short sword       |       |    13 ||    13
 Cast: Foxfire           |    54 |    47 ||   101
       Scorch            |     7 |     7 ||    14
 Stab: Paralysed         |       |    15 ||    15
       Sleeping          |       |     1 ||     1
Armor: Robe              |     5 |    14 ||    19
Dodge: Dodged            |    43 |    24 ||    67

Table legend: (Time is in decaauts)
 A = Elapsed time spent in this place.
 B = Non-inter-level travel time spent in this place.
 C = Inter-level travel time spent in this place.
 D = Time resting spent in this place.
 E = Time spent auto-exploring this place.
 F = Levels seen in this place.
 G = Mean time per level.
                   A        B        C        D        E       F      G
               +--------+--------+--------+--------+--------+-----+--------+
         Total |   3562 |   3468 |     94 |    287 |   2624 |   4 |  890.5 |
       Dungeon |   3562 |   3468 |     94 |    287 |   2624 |   4 |  890.5 |
               +--------+--------+--------+--------+--------+-----+--------+

Top non-repeatable levels by time:
     D:1: 1378 daAuts
     D:3: 1362 daAuts
     D:2: 810 daAuts
     D:4: 11 daAuts
